 Dungeon Crawl Stone Soup version 0.27-a0-103-g6cd7b45605 (webtiles) character file.

Game seed: 6313775102435166446

36 knot the Chopper (level 3, 29/29 HPs)
             Began as a Demonspawn Berserker on Jan 23, 2021.
             Was a Follower of Trog.
             Quit the game on level 2 of the Dungeon.
             The game lasted 00:00:33 (1076 turns).

knot the Chopper (Demonspawn Berserker)             Turns: 1076, Time: 00:00:34

Health: 29/29      AC:  2    Str: 17    XL:     3   Next: 19%
Magic:  3/3        EV: 12    Int:  9    God:    Trog [*.....]
Gold:   69         SH:  0    Dex: 12    Spells: 2/2 levels left

rFire    . . .     SeeInvis .   a - +0 hand axe
rCold    . . .     Faith    .   (no shield)
rNeg     . . .     Spirit   .   b - +0 animal skin
rPois    .         Reflect  .   (no helmet)
rElec    .         Harm     .   (no cloak)
rCorr    .         Rampage  .   (no gloves)
Will     .....                  (no boots)
Stlth    +.........             (no amulet)
HPRegen  1.09/turn              (no ring)
MPRegen  0.08/turn              (no ring)

@: no status effects
A: hooves 1, powered by death 1
a: Renounce Religion, Berserk


You were on level 2 of the Dungeon.
You worshipped Trog.
Trog was aware of your devotion.
You visited 1 branch of the dungeon, and saw 2 of its levels.

You collected 69 gold pieces.

Inventory:

Hand Weapons
 a - a +0 hand axe (weapon)
Missiles
 h - 80 stones
 l - 20 sling bullets
Armour
 b - a +0 animal skin (worn)
Jewellery
 g - a cursed amulet of inaccuracy {unknown}
Scrolls
 c - a scroll of teleportation {unknown}
 d - 4 scrolls of identify {unknown}
 j - a scroll of fog {unknown}
Potions
 e - a potion of flight {unknown}
 f - 2 potions of curing {unknown}
 i - 2 potions of attraction {unknown}
 k - a potion of might {unknown}


   Skills:
 - Level 3.0 Fighting
 + Level 4.0 Axes
 - Level 1.7 Armour
 - Level 1.7 Dodging


You had 2 spell levels left.
You didn't know any spells.
Your spell library was empty.

Dungeon Overview and Level Annotations

Branches:
Dungeon (2/15)

Altars:


Innate Abilities, Weirdness & Mutations

You have large cloven feet.
You regenerate a little health from kills.


Message History

The adder hisses angrily.
The adder closely misses you.
An adder is nearby!
You slash the adder!
The adder is severely wounded.
The adder completely misses you. The adder misses you.
An adder is nearby!
You miss the adder.
The adder is severely wounded.
The adder closely misses you.
You hit the adder.
You kill the adder!
Trog accepts your kill.
Your Axes skill increases to level 4!
You have reached level 3!
Your experience leads to an increase in your attributes!
Increase (S)trength, (I)ntelligence, or (D)exterity?
You feel clever.
Your demonic ancestry asserts itself...
Your feet thicken and deform.
Are you sure you want to abandon this character and quit the game? (Confirm with "yes".)

##.##..#)#
.####...#..#.#
.....[.......#
####...#....#
##.##.†..#
#.##.†#.#
#.##.<#.#
#####............
#...@....##..####
#.######.# #.#
#..# .# #..# .#
#. # #.


There were no monsters in sight!

Vanquished Creatures
  An adder (D:2)
  An ooze (D:1)
  A leopard gecko (D:1)
  3 giant cockroaches
  5 goblins (D:1)
  2 hobgoblins
  A ball python (D:1)
  2 bats
  2 frilled lizards (D:1)
  A kobold (D:1)
  5 rats
24 creatures vanquished.

Notes
Turn   | Place    | Note
-------+----------+-------------------------------------------
     0 | D:1      | knot the Demonspawn Berserker began the quest for the Orb.
     0 | D:1      | Reached XP level 1. HP: 18/18 MP: 1/1
   253 | D:1      | Reached skill level 3 in Axes
   338 | D:1      | Gained mutation: You regenerate a little health from kills.
                  | [demonic ancestry]
   338 | D:1      | Reached XP level 2. HP: 16/24 MP: 2/2
  1076 | D:2      | Reached skill level 4 in Axes
  1076 | D:2      | Gained mutation: You have large cloven feet. [demonic
                  | ancestry]
  1076 | D:2      | Reached XP level 3. HP: 29/29 MP: 3/3
  1076 | D:2      | Quit the game

Illustrated notes

Levels and vault maps discovered:
D:1:      dpeg_arrival_long_road, layout_loops_ring, minmay_door_square,
          minmay_split_cup_large
D:2:      layout_loops_ring, lemuel_doored_altar, lemuel_round_altar,
          uniq_natasha, uniq_crazy_yiuf_cottage

Skill      XL: |  1  2 |
---------------+-------+-----
Axes           | 3 4 |  4.0
Fighting       | |  3.0
Armour         | |  1.7
Dodging        | |  1.7

Action                   || total
-------------------------++-------
Melee: Hand axe          ||    64
 Stab: Sleeping          ||     1
Armor: Animal skin       ||    11
Dodge: Dodged            ||    44

Table legend: (Time is in decaauts)
 A = Elapsed time spent in this place.
 B = Non-inter-level travel time spent in this place.
 C = Inter-level travel time spent in this place.
 D = Time resting spent in this place.
 E = Time spent auto-exploring this place.
 F = Levels seen in this place.
 G = Mean time per level.
                   A        B        C        D        E       F      G
               +--------+--------+--------+--------+--------+-----+--------+
         Total |   1083 |   1045 |     38 |      0 |    910 |   2 |  541.5 |
       Dungeon |   1083 |   1045 |     38 |      0 |    910 |   2 |  541.5 |
               +--------+--------+--------+--------+--------+-----+--------+

Top non-repeatable levels by time:
     D:1: 970 daAuts
     D:2: 113 daAuts
